 Dungeon Crawl Stone Soup version 0.18-a0-943-g2c08dd4 (webtiles) character file.

50 Gnarlagapoticus the Grave Robber (level 3, 0/28 HPs)
             Began as a Deep Dwarf Necromancer on Dec 29, 2015.
             Shot with a stone by a goblin (2 damage)
             ... on level 2 of the Dungeon.
             The game lasted 00:07:27 (1526 turns).

Gnarlagapoticus the Grave Robber (DDNe)             Turns: 1526, Time: 00:07:27

Health: 0/28       AC:  3    Str: 11    XL:     3   Next: 55%
Magic:  1/6        EV: 12    Int: 16    God:
Gold:   70         SH:  0    Dex: 13    Spells: 2 memorised, 4 levels left

rFire  . . .     SeeInvis .     (no weapon)
rCold  . . .     Gourm    .     a - +0 robe
rNeg   . . .     Faith    .     (no shield)
rPois  .         Spirit   .     k - +0 helmet
rElec  .         Dismiss  .     (no cloak)
rCorr  .         Reflect  .     (no gloves)
SustAt .         Harm     .     (no boots)
MR     .....                    (no amulet)
Stlth  ++........               (no ring)
                                (no ring)

@: non-regenerating, not resistant to hostile enchantments, unstealthy
A: damage resistance, recharge devices, sense surroundings 1, slow regeneration
3
a: Device Recharging


You were on level 2 of the Dungeon.
You were hungry.

You visited 1 branch of the dungeon, and saw 2 of its levels.

You collected 70 gold pieces.

Inventory:

Armour
 a - a +0 robe (worn)
 k - a +0 helmet (worn)
Wands
 c - a wand of heal wounds (4/9)
Scrolls
 e - a scroll of amnesia {unknown}
 g - 2 scrolls of identify {unknown}
 h - a scroll of teleportation {unknown}
Potions
 j - a potion of mutation {unknown}
 l - a potion of beneficial mutation {unknown}
Books
 b - a book of Necromancy

   Spells                             Type                      Level
   a - Pain                           Necromancy                   1
   b - Animate Skeleton               Necromancy                   1
   c - Vampiric Draining              Necromancy                   3
   d - Regeneration                   Charms/Necromancy            3
   e - Animate Dead                   Necromancy                   4
   f - Control Undead                 Necromancy                   4
Comestibles
 d - a bread ration
 f - 3 fruits
 i - 2 chunks of flesh


   Skills:
 - Level 2.1 Dodging
 - Level 2.4 Stealth
 - Level 2.4 Spellcasting
 + Level 5.3 Necromancy


You had 4 spell levels left.
You knew the following spells:

 Your Spells              Type           Power        Failure   Level  Hunger
a - Pain                  Necr           ###.         2%          1    #......
b - Animate Skeleton      Necr           N/A          2%          1    #......


Dungeon Overview and Level Annotations

Branches:
Dungeon (2/15)

Altars:
Okawaru


Innate Abilities, Weirdness & Mutations

You are resistant to damage.
You can recharge devices by infusing magical energy.
You passively map a small area around you.
You do not regenerate naturally.


Message History

The giant cockroach is moderately wounded.
The giant cockroach closely misses you.
The goblin shoots a stone.
The stone hits you. The giant cockroach barely misses you.
You hit the giant cockroach.
The giant cockroach is severely wounded.
The goblin shoots a stone.
The stone closely misses you.
The giant cockroach bites you but does no damage.
You hit the giant cockroach but do no damage.
The giant cockroach is severely wounded.
The goblin shoots a stone.
The stone hits you.
* * * LOW HITPOINT WARNING * * *
The giant cockroach bites you.
You barely miss the giant cockroach.
The giant cockroach is severely wounded.
The giant cockroach bites you but does no damage.
You hit the giant cockroach but do no damage.
The giant cockroach is severely wounded.
The giant cockroach bites you but does no damage.
The goblin shoots a stone.
The stone hits you.
You die...

, , ..###)....##....###
#.... *
#.........###.....####....
* ###########...#
##.......#.... .....##
#....# ##(.....'..##
#...## #....# ###....#..#
...###...###....### *
######..#
..........##.....(# ...#
,.#.).).#........<(#
......
*#.._..##.##...@..####..
##.##.#
..#.).).#.......†s......#
#., (.
..............g......#..#,
#. ##
#...###...........#......
....#........###.#.##.#. ,
*.#.........!.##..... .#,
, #.##.)...(............ .
#.......(......##......
####..(......####......


You could see a giant cockroach and a goblin.

Vanquished Creatures
  An adder (D:2)
  An ooze (D:2)
  A worm (D:1)
  2 giant geckos
  2 goblins (D:1)
  6 hobgoblins
  2 jackals (D:1)
  3 kobolds (D:1)
  3 bats (D:1)
  3 giant newts
  7 rats
31 creatures vanquished.

Notes
Turn   | Place    | Note
--------------------------------------------------------------
     0 | D:1      | Gnarlagapoticus the Deep Dwarf Necromancer began the quest for the Orb.
     0 | D:1      | Reached XP level 1. HP: 15/15 MP: 3/3
   270 | D:1      | Reached XP level 2. HP: 17/22 MP: 0/5
  1141 | D:2      | Found an iron altar of Okawaru.
  1323 | D:1      | Reached XP level 3. HP: 6/28 MP: 1/6
  1381 | D:1      | Learned a level 1 spell: Animate Skeleton
  1400 | D:2      | Reached skill level 5 in Necromancy
  1442 | D:2      | Noticed a giant frog
  1526 | D:2      | Shot with a stone by a goblin

Vault maps used:
D:1:      scummos_arrival_simple_crosswalls, serial_park_tiny_2
D:2:      okawaru_ov_weapons_minmay, lightli_corner_chamber

Action                   || total
-------------------------++-------
Melee: Unarmed           ||    54
 Cast: Pain              ||    75
Evoke: Wand              ||     1
 Stab: Sleeping          ||     1
  Eat: Chunk             ||     2
